Map: Blueshift LE

Players

Lambo - Winner!

  • Race: Zerg Zerg
  • League: Grandmaster
  • Spawn Location: 1:00

Booyakasha (Elazer)

  • Race: Zerg Zerg
  • League: Grandmaster
  • Spawn Location: 7:00

VOD

Have the link to the VOD?

Description

Time

  • Played on: Dec. 4, 2018, 1:57 p.m.
  • Length: 6:50
Show
View Real Time Build Order
Export as new Build Order

Lambo Zerg - Winner!

Build Orders: Hatch First 

Get SALT Encoding   

  12  0:01  Drone  
  13  0:13  Overlord  
  13  0:17  Drone  
  14  0:31  Drone x2  
  16  0:47  Hatchery  
  15  0:51  Drone  
  15  0:54  Drone  
  17  0:58  Drone  
  18  1:08  Extractor  
  17  1:12  Spawning Pool  
  17  1:16  Drone  
  17  1:19  Drone  
  18  1:28  Drone  
  20  1:40  Drone  
  20  1:51  Drone  
  21  1:59  Drone  
  21  2:00  Queen  
  24  2:05  Queen  
  26  2:08  Overlord  
  26  2:09  Metabolic Boost  
  26  2:13  Drone x2  
  28  2:27  Zergling x4  
  30  2:35  Hatchery  
  29  2:39  Drone x2  
  31  2:49  Drone x2  
  31  2:50  Baneling Nest  
  32  2:54  Overlord  
  32  2:57  Drone  
  33  3:06  Drone x2  
  33  3:12  Drone  
  36  3:15  Zergling x4  
  36  3:16  Zergling x2  
  36  3:17  Drone  
  36  3:18  Drone  
  36  3:19  Overlord  
  41  3:23  Drone  
  42  3:31  Drone x2  
  44  3:36  Queen  
  44  3:39  Drone  
  47  3:42  Drone x2  
  47  3:46  Drone x3, Evolution Chamber  
  51  3:49  Overlord  
  51  3:51  Drone  
  51  3:53  Drone  
  53  3:55  Lair  
  53  3:58  Drone  
  53  4:00  Drone  
  55  4:04  Extractor  
  55  4:05  Extractor  
  55  4:08  Drone x2  
  55  4:09  Drone  
  55  4:11  Drone  
  55  4:13  Drone x2  
  55  4:16  Zerg Missile Weapons Level 1  
  58  4:20  Drone x2  
  58  4:21  Roach Warren  
  58  4:23  Drone, Extractor  
  59  4:32  Drone  
  59  4:36  Drone  
  59  4:37  Drone  
  62  4:38  Zergling x6  
  62  4:41  Overlord  
  62  4:43  Baneling x2  
  65  4:55  Extractor  
  64  5:02  Roach x5  
  64  5:03  Glial Reconstitution, Overlord  
  64  5:05  Overlord  
  75  5:07  Overlord  
  75  5:11  Overlord  
  75  5:12  Overlord  
  72  5:22  Roach x2  
  72  5:24  Roach x2  
  72  5:25  Roach x2  
  72  5:27  Roach x4  
  88  5:29  Roach  
  88  5:35  Roach x3  
  96  5:38  Roach  
  96  5:39  Roach x2  
  102  5:47  Roach  
  102  5:49  Roach x2  
  114  5:57  Roach x3  
  114  5:58  Overlord  
  114  6:00  Overlord  
  114  6:02  Overlord  
  114  6:06  Overlord  
  114  6:09  Overlord  
  114  6:11  Overlord  
  114  6:12  Overlord  
  114  6:17  Roach x4  
  122  6:20  Roach, Ravager x3  
  122  6:24  Roach  
  129  6:27  Roach x2  
  129  6:29  Roach  
Show
View Real Time Build Order
Export as new Build Order

Booyakasha Zerg 

Build Orders: Hatch First 

Get SALT Encoding   

  12  0:00  Drone  
  13  0:12  Overlord  
  13  0:16  Drone  
  14  0:30  Drone x2  
  16  0:47  Hatchery  
  15  0:50  Drone  
  15  0:54  Drone  
  17  0:57  Drone  
  18  1:07  Extractor  
  17  1:12  Spawning Pool  
  17  1:15  Drone  
  17  1:19  Drone  
  18  1:28  Drone  
  19  1:40  Drone  
  20  1:52  Drone  
  21  1:58  Queen  
  21  1:59  Queen  
  21  2:00  Overlord  
  21  2:01  Zergling x2  
  26  2:10  Drone  
  26  2:11  Drone  
  26  2:12  Metabolic Boost  
  28  2:21  Drone x2  
  30  2:31  Drone  
  30  2:32  Drone  
  32  2:40  Hatchery  
  31  2:47  Drone  
  31  2:49  Baneling Nest  
  30  2:54  Zergling x6  
  33  3:03  Overlord  
  33  3:07  Drone x2  
  33  3:08  Drone  
  36  3:12  Overlord  
  36  3:24  Drone x3  
  36  3:25  Drone x2, Queen  
  43  3:32  Baneling  
  43  3:34  Drone  
  43  3:35  Evolution Chamber  
  43  3:37  Drone  
  43  3:40  Drone x2  
  46  3:47  Drone x4  
  49  3:54  Zergling x2  
  49  3:55  Zergling x4  
  52  3:59  Overlord  
  52  4:07  Zerg Missile Weapons Level 1  
  52  4:08  Drone x2  
  54  4:12  Drone x4  
  58  4:17  Drone x2  
  58  4:19  Lair  
  58  4:24  Roach Warren  
  59  4:26  Extractor  
  59  4:27  Drone x3, Extractor  
  60  4:34  Overlord  
  60  4:36  Drone  
  60  4:39  Extractor x2  
  60  4:40  Drone  
  60  4:42  Overlord  
  59  4:46  Drone  
  59  4:47  Drone  
  59  4:48  Drone x4  
  59  4:50  Overlord  
  65  4:56  Drone x5  
  70  5:00  Overlord  
  70  5:03  Drone  
  71  5:07  Pneumatized Carapace  
  71  5:08  Overlord  
  71  5:11  Drone x2  
  68  5:19  Drone x6  
  72  5:21  Drone  
  72  5:26  Drone x5  
  72  5:27  Glial Reconstitution  
  75  5:29  Overseer  
  75  5:42  Roach x3  
  81  5:44  Hatchery  
  81  5:46  Overlord  
  81  5:47  Roach x2, Extractor  
  83  5:50  Roach  
  83  5:52  Overseer  
  83  5:54  Roach x2  
  83  5:56  Roach  
  91  5:59  Roach x2  
  91  6:02  Roach x2  
  99  6:04  Roach  
  99  6:06  Roach  
  99  6:07  Roach  
  99  6:10  Overlord  
  105  6:11  Roach  
  105  6:13  Ravager x3  
  105  6:14  Ravager  
  105  6:18  Overlord  
  111  6:21  Roach  
  111  6:23  Overlord  
  111  6:25  Overlord  
  113  6:30  Roach x3, Evolution Chamber  
  113  6:32  Evolution Chamber  
  117  6:37  Ravager x4  
Tags
 
Add a new tag
Caveats
  • Supply blocks, unpowered buildings, or Contaminate may cause inaccurate times.
  • Supply counts are checked every 10 seconds.